 Dungeon Crawl Stone Soup version 0.31.0-9-g3a7656b989 (webtiles) character file.

Game seed: 9074474955315095646

56 qw the Shooter (level 3, 0/18 HPs)
             Began as a Spriggan Hunter on Feb 2, 2024.
             Slain by an orc
             ... wielding a +0 morningstar
              (9 damage)
             ... on level 1 of the Dungeon.
             The game lasted 00:00:04 (961 turns).

qw the Shooter (Spriggan Hunter)                     Turns: 961, Time: 00:00:04

Health: 0/18       AC:  2    Str:  7    XL:     3   Next: 69%
Magic:  4/4        EV: 19    Int: 10    God:
Gold:   35         SH:  0    Dex: 20    Spells: 2/2 levels left

rFire   . . .        a - +0 shortbow
rCold   . . .        (shield currently unavailable)
rNeg    . . .        c - +0 robe
rPois   .            (helmet restricted)
rElec   .            (no cloak)
rCorr   .            (gloves unavailable)
SInv    +            (boots unavailable)
Will    +....        (no amulet)
Stlth   ++           i - ring of willpower
HPRegen 0.23/turn    (no ring)
MPRegen 0.09/turn

%: no passive effects
@: very quick
A: very small, no large weapons, unfitting armour, see invisible, speed 3
a: no special abilities


You were on level 1 of the Dungeon.
You visited 1 branch of the dungeon, and saw 2 of its levels.

You collected 35 gold pieces.


Innate Abilities, Weirdness & Mutations

You are very small and have problems with some larger weapons.
You are too small for most types of armour.
You have supernaturally acute eyesight. (SInv)
You cover ground extremely quickly. (Speed+++)


   Skills:
 - Level 1.5 Fighting
 + Level 4.9 Ranged Weapons
 - Level 4.0 Dodging
 - Level 1.5 Stealth


You had 2 spell levels left.
You didn't know any spells.
Your spell library was empty.

Inventory:

Hand Weapons
 a - a +0 shortbow (weapon)
Armour
 c - a +0 robe (worn)
Jewellery
 i - a ring of willpower (left hand)
Potions
 f - a potion of brilliance {unknown}
 g - a potion of mutation {unknown}
 h - a potion of lignification {unknown}

Dungeon Overview and Level Annotations

Branches:
Dungeon (2/15)

Altars:


Message History

You shoot an arrow. The arrow hits the orc!
You kill the orc!
The orc completely misses you.
You shoot an arrow. The arrow barely misses the orc.
The orc barely misses you.
You shoot an arrow. The arrow barely misses the orc.
The orc hits you with a +0 club. x2
You shoot an arrow.
The arrow hits the orc but does no damage.
The orc barely misses you.
You shoot an arrow.
The arrow hits the orc but does no damage.
The orc misses you.
You shoot an arrow.
The arrow hits the orc but does no damage.
The orc barely misses you.
You shoot an arrow. The arrow hits the orc!
You kill the orc!
You start resting.
HP restored.
You climb downwards.
The bat completely misses you. The orc barely misses you.
The orc completely misses you.
There is a stone staircase leading up here.
956 ||| STAIRDANCE The orc hits you with a +0 hand axe.
The orc misses you.
You climb upwards.
There is a stone staircase leading down, spattered with blood here.
You shoot an arrow. The arrow hits the orc.
The orc is lightly wounded.
The orc hits you with a +0 morningstar. The orc misses you.
You shoot an arrow. The arrow hits the orc.
The orc is moderately wounded.
The orc misses you. x2
You shoot an arrow. The arrow hits the orc.
You kill the orc!
The orc closely misses you. The orc hits you with a +0 morningstar.
You shoot an arrow. The arrow closely misses the orc.
The orc hits you with a +0 morningstar!
Ouch! That really hurt!
You die...

.....)##.....##....# #..#.#
..%...##..^..##############..#.#
.......'.....................#.#
.###.#.#......#############.#####
.###.#...........................
.....#..###...#############.#####
######..# #...# #.#
######..###(..#### #)#
.......?.......o@# #.#
..(....>.######)###########%#
...##.#..# ##..##.........#
.........#####......#########
....###........###..## ###.#
##+###.#.#.##..## ##..# #.#
#.#.##.#...## #..## #.#
#....##)....## #.## #.#
#.##.....##..#


You could see an orc.

Vanquished Creatures
  A gnoll (D:1)
  3 orcs (D:1)
  5 endoplasms (D:1)
  2 giant cockroaches (D:1)
  2 goblins (D:1)
  5 hobgoblins (D:1)
  7 kobolds (D:1)
  A quokka (D:1)
  3 ball pythons (D:1)
  3 bats (D:1)
  2 frilled lizards (D:1)
  5 rats (D:1)
39 creatures vanquished.

Notes
Turn   | Place    | Note
-------+----------+-------------------------------------------
     0 | D:1      | qw the Spriggan Hunter began the quest for the Orb.
     0 | D:1      | Reached XP level 1. HP: 10/10 MP: 2/2
     0 | D:1      | 0 ||| qw: Version: 0.3-a-155-g5e7d8dd
     0 | D:1      | 0 ||| qw: Game counter: 366
     0 | D:1      | 0 ||| qw: Melee chars always use a shield: true
     0 | D:1      | 0 ||| qw: God list: Okawaru
     0 | D:1      | 0 ||| qw: Allow faded altars: false
     0 | D:1      | 0 ||| qw: Do Orc after clearing Dungeon:15 true
     0 | D:1      | 0 ||| qw: Do second Lair branch before Depths: true
     0 | D:1      | 0 ||| qw: Lair rune preference: random
     0 | D:1      | 0 ||| qw: Goals: Normal
     0 | D:1      | 0 ||| PLANNING D:1-11
    18 | D:1      | Reached skill level 3 in Dodging
    29 | D:1      | Reached XP level 2. HP: 14/14 MP: 3/3
   247 | D:1      | Reached XP level 3. HP: 11/18 MP: 4/4
   284 | D:1      | Found a faded altar of an unknown god.
   774 | D:1      | 774 ||| UPGRADING to ring of willpower.
   775 | D:1      | 775 ||| READING scroll labelled MIOGRU EGAOLYJ.
   876 | D:1      | 876 ||| READING scroll labelled BEMOTULIFO.
   881 | D:1      | 881 ||| DROPPING scroll of butterflies.
   893 | D:2      | 893 ||| STAIRDANCE
   956 | D:2      | 956 ||| STAIRDANCE
   961 | D:1      | Slain by an orc

Levels and vault maps discovered:
D:1:      evilmike_arrival_plus, layout_basic,
          ebering_ecumenical_altar_petrified, hangedman_decor_opposing,
          kennysheep_minor_cross, minmay_bisected
D:2:      layout_loops_corners, minmay_misc_feat_encased,
          kennysheep_generic_room_2

Skill      XL: |  1 |
---------------+----+-----
Dodging        | 4 |  4.0
Fighting       | |  1.5
Ranged Weapons | |  4.9
Stealth        | |  1.5

Action                     || total
---------------------------++-------
   Fire: Shortbow          ||   112
    Use: Scroll            ||     2
 Armour: Robe              ||    22
  Dodge: Dodged            ||    49

Table legend:
 A = Non-vault XP
 B = Vault XP
 C = Vault XP percentage of total XP
 D = Non-vault monster count
 E = Vault monster count
 F = Vault count percentage of total count
                 A         B        C        D         E       F
            +---------+---------+-------+---------+---------+-------
      Total |      77 |       3 |   3.8 |      37 |       2 |   5.1
            +---------+---------+-------+---------+---------+-------
        D:1 |      77 |       3 |   3.8 |      37 |       2 |   5.1
            +---------+---------+-------+---------+---------+-------
